[Event "Early-Titled-Tuesday-Blitz-January-16-2024"]
[Site "Chess.com"]
[Date "2024.01.16"]
[Round "6"]
[White "dasatcu90"]
[Black "ATM622"]
[Result "0-1"]
[WhiteElo "2292"]
[BlackElo "2496"]
[TimeControl "180+1"]
[EndTime "9:10:48 PST"]
[Termination "ATM622 won on time"]

1. d4 Nf6 2. Nf3 d5 3. e3 e6 4. Bd3 c5 5. c3 Nc6 6. Nbd2 Be7 7.
O-O O-O 8. Qe2 Qc7 9. dxc5 Bxc5 10. e4 e5 11. exd5 Nxd5 12. Bxh7+ Kxh7 13. Qe4+ f5 14. Qxd5 Be7 15. Nc4 e4 16. Ng5+ Bxg5 17. Bxg5 f4 18. Qxe4+ Bf5 19. Qxf4 Qxf4 20. Bxf4 Bd3 21. Bd6 Rfd8 22.
Rfd1 Bxc4 23. b3 Bf7 24. Bf4 a5 25. Bc7 Rxd1+ 26. Rxd1 a4 27. bxa4 Rxa4 28. h3 Bxa2 29. Bg3 b5 30. Rd6 Ne7 31. Rd7 Re4 32. Bd6 Nf5 33.
Bf8 Re8 34. Bc5 Be6 35. Rb7 Bc4 36. g4 Nh4 37. f4 Re2 38. f5 Nf3+ 39. Kf1 Re7+ 40.
Kf2 Rxb7 41. Kxf3 Rd7 42. g5 Rd3+ 43. Kf4 Rxc3 44. h4 Be2 45. g6+ Kg8 0-1

[Event "Early-Titled-Tuesday-Blitz-January-16-2024"]
[Site "Chess.com"]
[Date "2024.01.16"]
[Round "6"]
[White "RandomNoob04"]
[Black "chenxiaoyuer"]
[Result "0-1"]
[WhiteElo "2581"]
[BlackElo "2738"]
[TimeControl "180+1"]
[EndTime "9:10:49 PST"]
[Termination "chenxiaoyuer won by resignation"]

1. e4 c5 2. d4 cxd4 3. c3 dxc3 4. Nxc3 Nc6 5. Nf3 e6 6. Bc4 Bb4 7. O-O Nge7 8. Qe2 O-O 9. Rd1 d5 10. exd5 exd5 11. Nxd5 Nxd5 12. Bxd5 Qe7 13. Qc2 Bg4 14. h3 Bxf3 15. Bxf3 Nd4 16. Rxd4 Qe1+ 17. Kh2 Qe5+ 18. Rf4 g5 19. g3 gxf4 20. Bxf4 Qg7 21. Bxb7 Rad8 22. a3 Bd6 23. Be3 Be5 24. Rb1 Rb8 25.
Qe4 f5 26. Bd5+ Kh8 27. Qf3 Rxb2 28. Rxb2 Bxb2 29. Bc5 Rc8 30. Bb4 Qe5 31. Bb3 Bd4 32. Kg2 Qe4 33. Bd5 Qxf3+ 34. Kxf3 Rc2 35. Kf4 Rxf2+ 36.
Kg5 Kg7 37. Be6 Rf3 38. Bxf5 Rxg3+ 39. Kf4 Rb3 40. Bd6 Kf6 41. Ke4 Bb6 42. Bg4 Rb1 43. Bb4 a5 44. Bc3+ Ke7 45. Kd5 Rc1 46. Bd2 Rc2 47.
Bg5+ Kf7 48. Bf5 Rc5+ 0-1

[Event "Early-Titled-Tuesday-Blitz-January-16-2024"]
[Site "Chess.com"]
[Date "2024.01.16"]
[Round "6"]
[White "Kildepiotr"]
[Black "SharapovEvgeny"]
[Result "1/2-1/2"]
[WhiteElo "2666"]
[BlackElo "2546"]
[TimeControl "180+1"]
[EndTime "9:10:49 PST"]
[Termination "Game drawn by repetition"]

1. Nf3 c5 2. c3 d5 3. d4 cxd4 4. cxd4 Nf6 5. Bf4 Nc6 6. Nc3 a6 7. Rc1 Nh5 8. Be3 e6 9. Ne5 Bd7 10. f3 Be7 11. Bf2 Nf6 12. Nxd7 Qxd7 13. e4 dxe4 14.
fxe4 O-O 15. e5 Nd5 16. Bc4 b5 17. Bxd5 exd5 18. O-O f6 19. Qf3 Rad8 20. Nxd5 Nxd4 21.
Nxe7+ Qxe7 22. Bxd4 Rxd4 23. exf6 gxf6 24. Rfe1 Qf7 25.
Qg3+ Kh8 26. Rc7 Rd7 27. Rec1 Rg8 28. Qf4 Qg6 29. g3 Rxc7 30. Qxc7 Qe4 31. Qb6 Qe5 32. b3 Rxg3+ 33. hxg3 Qxg3+ 34. Kf1 Qf4+ 35. Kg2 Qxc1 36. Qxf6+ Kg8 37. Qxa6 Qd2+ 38. Kf3 Qd3+ 39. Kf4 Kg7 40. Qb7+ Kg6 41. Qc6+ Kg7 42. Qc7+ Kg6 43. Qc6+ Kg7 44. Qc7+ Kg6 45. Qc6+ 1/2-1/2

[Event "Early-Titled-Tuesday-Blitz-January-16-2024"]
[Site "Chess.com"]
[Date "2024.01.16"]
[Round "6"]
[White "DanilNajdin"]
[Black "Louis-Paulsen-Fan"]
[Result "1/2-1/2"]
[WhiteElo "2495"]
[BlackElo "2319"]
[TimeControl "180+1"]
[EndTime "9:10:49 PST"]
[Termination "Game drawn by repetition"]

1. d4 d5 2. c4 e6 3. Nc3 c5 4. cxd5 exd5 5. Nf3 Nc6 6. g3 c4 7. Bg2 Bb4 8. O-O Nge7 9. Ne5 O-O 10. Nxc6 bxc6 11.
e4 Be6 12. Bg5 f6 13. Bd2 Rb8 14. Re1 Bf7 15. Bf4 Rc8 16. e5 fxe5 17. dxe5 Be6 18. a3 Bc5 19. Qh5 Ng6 20. Bg5 Bxf2+ 21. Kh1 Qd7 22. Re2 Bg4 23. e6 Qxe6 24. Rxe6 Bxh5 25. h3 Bxg3 26. a4 Bf4 27. Bxf4 Nxf4 28. Re7 a6 29.
Rg1 Rf7 30. Rge1 Rcf8 31. a5 g5 32. Na4 Nxg2 33. Kxg2 Rf2+ 34. Kg1 Rc2 35. Rc7 Rff2 36. Rxc6 Bf3 37. Re8+ Kf7 38. Rce6 Rg2+ 39. Kf1 Rc1+ 40. Re1 Rcc2 41. R1e6 Rc1+ 42. Re1 Rcc2 43. R1e6 1/2-1/2

[Event "Early-Titled-Tuesday-Blitz-January-16-2024"]
[Site "Chess.com"]
[Date "2024.01.16"]
[Round "6"]
[White "Chempiblinka"]
[Black "tusplingher"]
[Result "1-0"]
[WhiteElo "2289"]
[BlackElo "2476"]
[TimeControl "180+1"]
[EndTime "9:10:50 PST"]
[Termination "Chempiblinka won by resignation"]

1. Nf3 Nf6 2. g3 b5 3. Bg2 d5 4. O-O e6 5. b3 Be7 6. Bb2 O-O 7. d3 Nbd7 8. Nbd2 a5 9. e4 c6 10. c4 bxc4 11. dxc4 Rb8 12. exd5 cxd5 13. cxd5 Nxd5 14. Nc4 a4 15. Nfe5 Nxe5 16. Bxe5 Rb4 17. Rc1 axb3 18.
axb3 Ba6 19. h4 Qd7 20. Re1 Rd8 21. h5 h6 22. Qg4 Nf6 23. Qh3 Rxb3 24. Na5 Ra3 25. Nc6 Re8 26. Red1 Rd3 27. Re1 Bb7 28. Nxe7+ Qxe7 29. Bxb7 Qxb7 30. Bxf6 gxf6 31. Qg4+ Kh7 32.
Qf4 Qe7 33. Rc7 Rd7 34. Rxd7 Qxd7 35. Qxf6 Rg8 36. Qe5 Rg7 37. Qe4+ Kg8 38. Rb1 f6 39.
Rb8+ Kf7 40. Rb7 Ke8 41. Rxd7 Kxd7 42. Qb7+ 1-0

[Event "Early-Titled-Tuesday-Blitz-January-16-2024"]
[Site "Chess.com"]
[Date "2024.01.16"]
[Round "6"]
[White "I_am_Javi"]
[Black "Jumbo"]
[Result "0-1"]
[WhiteElo "2779"]
[BlackElo "2932"]
[TimeControl "180+1"]
[EndTime "9:10:51 PST"]
[Termination "Jumbo won on time"]

1. e4 c5 2. Nf3 d6 3. d4 cxd4 4. Nxd4 Nf6 5. Nc3 Nc6 6. Bc4 e6 7. Be3 Bd7 8. Bb3 a6 9. f3 Na5 10.
g4 h6 11. Qd2 b5 12. h4 Qc7 13.
O-O-O Nc4 14. Bxc4 Qxc4 15. Kb1 g6 16. Nce2 e5 17.
Nb3 Be6 18. Nc3 a5 19. g5 hxg5 20. hxg5 Rxh1 21. Rxh1 Nh5 22. Rd1 a4 23. Nc1 Rc8 24. a3 Be7 25. Qd3 b4 26. axb4 Qxb4 27. Qb5+ Qxb5 28. Nxb5 Kd7 29. Na3 Nf4 30. Bxf4 exf4 31. Rg1 d5 32. exd5 Bxd5 33. Rd1 Kc6 34. Nd3 Bd6 35. Rf1 Re8 36. c4 Be6 37. Kc2 Bf5 38.
Kd2 Re3 39. Nc1 Bb4+ 40. Kd1 Kc5 0-1

[Event "Early-Titled-Tuesday-Blitz-January-16-2024"]
[Site "Chess.com"]
[Date "2024.01.16"]
[Round "6"]
[White "emeli_chess"]
[Black "lefonghua"]
[Result "0-1"]
[WhiteElo "2450"]
[BlackElo "2651"]
[TimeControl "180+1"]
[EndTime "9:10:51 PST"]
[Termination "lefonghua won by resignation"]

1. d4 Nf6 2. c4 c5 3. d5 e6 4. Nc3 exd5 5. cxd5 d6 6. Nf3 g6 7. h3 Bg7 8. e4 a6 9. a4 Nbd7 10. Bd3 Nh5 11. O-O Ne5 12. Nxe5 Bxe5 13. Be3 Qh4 14. Ne2 Bxh3 15. f4 Qg4 16. Rf2 Bxb2 17. Rb1 Bg7 18. Kh2 Bxg2 19. Rxg2 Qh4+ 20. Kg1 Qe7 21. Ng3 Nf6 22.
Nf5 gxf5 23. Rxg7 fxe4 24. Be2 Kf8 25. Rg2 h5 26. Qb3 Rb8 27. Qb2 b5 28. axb5 axb5 29. Bxb5 h4 30. Kh2 h3 31. Rg3 Rh4 32. Qe2 Qb7 33.
Rgg1 Qxd5 34. Bc4 Qa8 35. Rxb8+ Qxb8 36. Qf2 Ng4+ 37. Rxg4 Rxg4 38. Kxh3 Qc8 39. f5 Rg8 40. Qf4 Rh8+ 41. Kg3 Qd7 42. Bd5 Qe7 43. Qg5 Rg8 44.
f6 Rxg5+ 45. Bxg5 Qe5+ 0-1

[Event "Early-Titled-Tuesday-Blitz-January-16-2024"]
[Site "Chess.com"]
[Date "2024.01.16"]
[Round "6"]
[White "InitiatingASC"]
[Black "FMVolodymyrSakun"]
[Result "1-0"]
[WhiteElo "2424"]
[BlackElo "2549"]
[TimeControl "180+1"]
[EndTime "9:10:52 PST"]
[Termination "InitiatingASC won by checkmate"]

1. d4 g6 2. Bf4 Bg7 3. Nf3 c5 4. e3 d6 5. c3 Nd7 6. Nbd2 Ngf6 7. h3 O-O 8. Be2 b6 9. O-O Bb7 10. a4 a6 11. Re1 Ne4 12. Nxe4 Bxe4 13. Nd2 Bb7 14.
Bf3 Qc8 15. Qe2 d5 16. Nb3 e5 17. dxe5 Nxe5 18. Bxe5 Bxe5 19. Red1 Rd8 20. Rd2 Bc6 21. a5 bxa5 22. Nxc5 Bb5 23. Nd3 Rb8 24. Rxa5 Qf5 25. Bg4 Qe4 26. Bf3 Qf5 27. Bg4 Qf6 28. Bf3 Bc7 29. Ra2 Bb6 30. Qd1 Bc4 31. b3 Bb5 32. Rac2 a5 33. Nf4 Bc6 34. Nxd5 Bxd5 35. Bxd5 Kg7 36.
Bc4 Rxd2 37. Rxd2 Qc6 38. Rd7 Rb7 39. Rxb7 Qxb7 40. Qd5 Qc7 41. g3 h5 42. h4 Bc5 43.
Kg2 Be7 44. Qxf7+ Kh8 45. Qg8# 1-0

[Event "Early-Titled-Tuesday-Blitz-January-16-2024"]
[Site "Chess.com"]
[Date "2024.01.16"]
[Round "6"]
[White "bazar-wokzal"]
[Black "Soledadense88"]
[Result "1-0"]
[WhiteElo "2598"]
[BlackElo "2405"]
[TimeControl "180+1"]
[EndTime "9:10:55 PST"]
[Termination "bazar-wokzal won by resignation"]

1. e4 e6 2. d4 d5 3. e5 c5 4. c3 Nc6 5. Nf3 Qb6 6. Be2 Nh6 7. Bxh6 Qxb2 8. Nbd2 gxh6 9. O-O Qxc3 10. Rc1 Qa5 11. dxc5 Qc7 12. Nb3 Nxe5 13. Nxe5 Qxe5 14. Bb5+ Bd7 15.
Re1 Qc7 16. Bd3 Bg7 17. Qg4 O-O 18. Qf3 f5 19. Kh1 Kh8 20. Bb1 Rae8 21. Rg1 Bc6 22. Qh3 Qf4 23. Na5 Qxf2 24. Nxc6 bxc6 25. g4 fxg4 26.
Qxg4 Qf3+ 27. Qxf3 Rxf3 28. Rg4 Ref8 29. Rcg1 Bd4 30.
Rxd4 e5 31. Ra4 Rf1 32. Rxa7 e4 33. Bc2 Rxg1+ 34. Kxg1 Kg8 35. Rc7 Rf6 36. a4 e3 37.
Bd3 Rf2 38. Rxc6 Rd2 39. Bb5 e2 40. Kf2 Rb2 41. Bxe2 d4 42. Kf3 Ra2 43. Bc4+ Kg7 44. Bxa2 1-0

[Event "Early-Titled-Tuesday-Blitz-January-16-2024"]
[Site "Chess.com"]
[Date "2024.01.16"]
[Round "6"]
[White "LeoLV10"]
[Black "hmatyi07"]
[Result "0-1"]
[WhiteElo "2424"]
[BlackElo "2212"]
[TimeControl "180+1"]
[EndTime "9:10:55 PST"]
[Termination "hmatyi07 won by checkmate"]

1. e4 c5 2. Nf3 e6 3. d4 cxd4 4. Nxd4 Nf6 5. Nc3 Nc6 6. Nxc6 bxc6 7. e5 Nd5 8. Ne4 Qc7 9. f4 a5 10. c4 Bb4+ 11. Ke2 O-O 12. cxd5 cxd5 13. Nf2 f6 14. Nd3 Ba6 15. Be3 fxe5 16. Rc1 Qb8 17. Kf2 exf4 18.
Bd4 Bxd3 19. Qxd3 e5 20. Bc5 Bxc5+ 21. Rxc5 Qxb2+ 22. Be2 Kh8 23. Qxd5 e4 24. Qxe4 Qb6 25. Qd4 Rae8 26. Rd5 Qe6 27. Re1 f3 28. gxf3 Qh3 29. Rh1 Rxe2+ 30. Kxe2 Qxf3+ 31. Kd2 Qxh1 32. Rxd7 Qxh2+ 33. Kc3 Rc8+ 34. Kb3 Qc2+ 35. Ka3 Qc1+ 36. Ka4 Qc2+ 37.
Kxa5 Qxa2+ 38. Kb6 Qb3+ 39. Ka7 Qa4+ 40. Kb7 Qc6+ 41. Ka7 Ra8# 0-1

[Event "Early-Titled-Tuesday-Blitz-January-16-2024"]
[Site "Chess.com"]
[Date "2024.01.16"]
[Round "6"]
[White "PepeCuenca"]
[Black "Nf3c5"]
[Result "1-0"]
[WhiteElo "2702"]
[BlackElo "2557"]
[TimeControl "180+1"]
[EndTime "9:10:56 PST"]
[Termination "PepeCuenca won on time"]

1. d4 Nf6 2. Bf4 d5 3. e3 c5 4. dxc5 e6 5. b4 a5 6. c3 b6 7.
Bxb8 Rxb8 8. Bb5+ Ke7 9. c6 axb4 10. cxb4 Qd6 11. a3 Ne8 12. Nc3 g5 13. Nge2 Bg7 14.
Rc1 Nc7 15. O-O Ra8 16. Qb3 h5 17. Rfd1 h4 18. a4 h3 19. g3 Qe5 20. Bd3 Rd8 21.
b5 Kf8 22. Nd4 Kg8 23. Bf1 g4 24. Nce2 Qf6 25. Nc2 e5 26. Nb4 Be6 27. Qc2 Bf5 28. Qb3 Be4 29. Nc3 Bf3 30. Rd2 d4 31. exd4 exd4 32.
Ne2 Nd5 33. Rcd1 Nxb4 34. Qxb4 Bd5 35. Nxd4 Qg6 36. Ne2 Qe6 37. Nf4 Qe4 38. Qxe4 Bxe4 39. Rxd8+ 1-0

[Event "Early-Titled-Tuesday-Blitz-January-16-2024"]
[Site "Chess.com"]
[Date "2024.01.16"]
[Round "6"]
[White "maurovargas01"]
[Black "margarita_2703"]
[Result "0-1"]
[WhiteElo "1852"]
[BlackElo "2282"]
[TimeControl "180+1"]
[EndTime "9:10:56 PST"]
[Termination "margarita_2703 won on time"]

1. e4 e5 2. Nf3 Nc6 3. Bc4 Nf6 4. O-O Nxe4 5. Re1 d5 6. Bb5 Bc5 7. d4 exd4 8. Nxd4 Bd7 9. Bxc6 bxc6 10. f3 f5 11.
fxe4 fxe4 12. Qh5+ g6 13. Qe5+ Kf7 14. Rf1+ Bf5 15.
c3 Re8 16. Qf4 Bxd4+ 17. cxd4 Kg8 18. g4 Be6 19. h3 Qh4 20. Kg2 Rf8 21. Qg5 Qxg5 22.
Bxg5 Rxf1 23. Kxf1 Rf8+ 24. Kg2 h5 25. Nd2 hxg4 26.
hxg4 Bxg4 27. Rf1 Bf5 28. Bh6 Rb8 29. b3 c5 30. dxc5 d4 31. Nc4 Re8 32. Re1 Kh7 33. Bf4 Re7 34. Bg5 Re8 35. Rh1+ Kg7 36. Bh6+ Kf7 37.
Bf4 e3 38. Rh7+ Kg8 39. Rh1 Be4+ 40. Kh2 Bxh1 41. Kxh1 e2 42. Bd2 e1=Q+ 43. Bxe1 Rxe1+ 44. Kg2 Re2+ 45. Kf3 Rxa2 46. Ke4 Rc2 47. Kxd4 Rxc4+ 48. Kxc4 Kf7 49. Kb5 Ke7 50. Kc6 Kd8 0-1

[Event "Early-Titled-Tuesday-Blitz-January-16-2024"]
[Site "Chess.com"]
[Date "2024.01.16"]
[Round "6"]
[White "abelmat"]
[Black "KSho99"]
[Result "0-1"]
[WhiteElo "2061"]
[BlackElo "2192"]
[TimeControl "180+1"]
[EndTime "9:10:56 PST"]
[Termination "KSho99 won by checkmate"]

1. d4 e6 2. c4 f5 3. Nf3 Nf6 4. g3 d5 5. Bg2 Be7 6. O-O Ne4 7. b3 Nc6 8. Bb2 h5 9. h4 g5 10.
Nxg5 Bxg5 11. hxg5 Qxg5 12. cxd5 exd5 13. Nc3 Be6 14.
Nb5 O-O-O 15. Rc1 a6 16. a4 h4 17. Rxc6 bxc6 18. Na7+ Kb7 19. Nxc6 Kxc6 20. Qc2+ Kb7 21. Rc1 Qe7 22. Qc6+ Ka7 23. g4 fxg4 24. Bxe4 dxe4 25. d5 Bxd5 26. Bd4+ Kb8 27. Qxa6 Bb7 28. Ba7+ Kc8 29. Qa5 Rd6 30. Qf5+ Qd7 31. Qxe4 Bxe4 32. e3 Rd1+ 33. Kh2 Qd6+ 34. f4 gxf3+ 35. Kh3 Bf5# 0-1

[Event "Early-Titled-Tuesday-Blitz-January-16-2024"]
[Site "Chess.com"]
[Date "2024.01.16"]
[Round "6"]
[White "only_strong_moves"]
[Black "Buzhizhebuguai"]
[Result "0-1"]
[WhiteElo "2534"]
[BlackElo "2672"]
[TimeControl "180+1"]
[EndTime "9:10:57 PST"]
[Termination "Buzhizhebuguai won on time"]

1. e4 e6 2. d4 d5 3. Nd2 dxe4 4. Nxe4 Bd7 5. Nf3 Bc6 6. Bd3 Nd7 7. O-O Ngf6 8. Re1 Nxe4 9. Bxe4 Bxe4 10. Rxe4 c6 11.
b3 Be7 12. Re1 Bf6 13. Bb2 a5 14. c4 O-O 15. Qc2 a4 16. Rad1 Qa5 17. Ne5 Rfd8 18. Bc3 Qc7 19. Nf3 b5 20. Bb4 Qb7 21. Bd6 axb3 22.
axb3 Nb6 23. Be5 Nd7 24. Bd6 Nb6 25. Be5 Qe7 26. Bxf6 Qxf6 27. Ne5 Rdc8 28. Ra1 bxc4 29.
bxc4 Rxa1 30. Rxa1 c5 31. Qb2 cxd4 32. Qxd4 Qd8 33.
Qxd8+ Rxd8 34. c5 Nd5 35. c6 f6 36. Nf3 Rc8 37. Rc1 e5 38. Nd2 Nb4 39. Rc4 Nxc6 40. g3 Kf7 41. Ne4 Ke6 42. Nc5+ Kd5 43. Rc1 Nd4 0-1

[Event "Early-Titled-Tuesday-Blitz-January-16-2024"]
[Site "Chess.com"]
[Date "2024.01.16"]
[Round "6"]
[White "kidagent"]
[Black "JonasEilenberg"]
[Result "0-1"]
[WhiteElo "2272"]
[BlackElo "2541"]
[TimeControl "180+1"]
[EndTime "9:10:58 PST"]
[Termination "JonasEilenberg won by resignation"]

1. c4 e6 2. g3 d5 3. Bg2 Nf6 4. Nf3 dxc4 5. Na3 Bxa3 6. bxa3 Nc6 7. Qa4 O-O 8. O-O e5 9. Qxc4 Be6 10. Qc2 Qd6 11. Rb1 Bd5 12. d3 Bxf3 13. Bxf3 Nd4 14. Qd2 Nxf3+ 15. exf3 b6 16. Rd1 Rfd8 17. Rb3 c5 18.
Rc3 Qd5 19. Qe2 Rd7 20. Be3 Rad8 21. Rb1 h6 22. a4 Rd6 23. a5 Nd7 24. axb6 axb6 25.
a4 Ra8 26. Ra3 f5 27. Rba1 Kh7 28. Rb1 Nb8 29. Bd2 Nc6 30. Bc3 Nd4 31. Bxd4 Qxd4 32.
Qe3 Qd5 33. Kf1 Ra5 34. Ke2 c4 35. Rc1 cxd3+ 36. Rxd3 Qxd3+ 37. Qxd3 Rxd3 38. Kxd3 Rxa4 39. Rb1 Ra3+ 40. Ke2 Ra2+ 41. Kf1 Ra6 42. Rb5 e4 43. fxe4 fxe4 44. Ke2 Kg6 45. Ke3 Kf6 46. Kxe4 Ke6 47. f4 Kd6 48. h4 Ra4+ 49. Kf5 Ra5 50.
Rxa5 bxa5 51. Ke4 h5 52. Kd4 Ke6 53. Kc4 Kf5 0-1

[Event "Early-Titled-Tuesday-Blitz-January-16-2024"]
[Site "Chess.com"]
[Date "2024.01.16"]
[Round "6"]
[White "FM_VS99"]
[Black "Witty_Alien"]
[Result "0-1"]
[WhiteElo "2497"]
[BlackElo "2362"]
[TimeControl "180+1"]
[EndTime "9:10:58 PST"]
[Termination "Witty_Alien won on time"]

1. d4 e5 2. dxe5 d6 3. Nf3 Nc6 4. Nc3 Bg4 5. h3 Bxf3 6. exf3 dxe5 7. Qxd8+ Rxd8 8. Bb5 Rd6 9. Ne4 Rg6 10. O-O a6 11.
Bxc6+ Rxc6 12. c3 Nf6 13. Re1 Nxe4 14. Rxe4 Bd6 15. f4 f5 16. Re2 e4 17. Be3 Ke7 18.
Rd1 h5 19. Rd5 Ke6 20. Red2 h4 21. Ra5 g6 22. Rad5 Rh7 23. Rd1 Rh8 24. R5d2 b5 25. Re2 Rd8 26. Red2 Rb8 27. a3 a5 28. Rc2 b4 29. axb4 axb4 30. c4 b3 31. Rc3 Bc5 32.
Rd5 Bxe3 33. fxe3 Rb4 34. Rb5 Rxb5 0-1

[Event "Early-Titled-Tuesday-Blitz-January-16-2024"]
[Site "Chess.com"]
[Date "2024.01.16"]
[Round "6"]
[White "Alimpic"]
[Black "the_blue_pill"]
[Result "1-0"]
[WhiteElo "2507"]
[BlackElo "2334"]
[TimeControl "180+1"]
[EndTime "9:10:58 PST"]
[Termination "Alimpic won by resignation"]

1. d4 Nf6 2. c4 c5 3. d5 e6 4. Nc3 exd5 5. cxd5 d6 6. e4 g6 7. Nf3 a6 8. a4 Bg4 9. Be2 Bxf3 10.
Bxf3 Bg7 11. O-O O-O 12. Bf4 Qe7 13. Re1 Nbd7 14. a5 Rfe8 15. Qd2 Rab8 16. Be2 Ne5 17. h3 Nfd7 18. Bg5 Bf6 19. Bxf6 Nxf6 20. f4 Ned7 21. Bf3 b5 22. axb6 Rxb6 23. Qe2 c4 24.
Qxc4 Rxb2 25. Qxa6 Nc5 26. Qc4 Rc2 27. e5 dxe5 28.
fxe5 Nfd7 29. e6 fxe6 30. dxe6 Nb6 31. Qb4 Nd3 32. Qxe7 Rxe7 33. Reb1 Rxc3 34. Rxb6 Nf4 35. Ra8+ Kg7 36. Kh2 Nxe6 37. Rbb8 Ng5 38. Rg8+ Kh6 39.
Bg4 Re2 40. Bxe2 Ne6 41. Rge8 Nf4 42. Bf3 Rc2 43. Re7 1-0

[Event "Early-Titled-Tuesday-Blitz-January-16-2024"]
[Site "Chess.com"]
[Date "2024.01.16"]
[Round "6"]
[White "crescentmoon2411"]
[Black "Hikaru"]
[Result "1/2-1/2"]
[WhiteElo "2953"]
[BlackElo "3224"]
[TimeControl "180+1"]
[EndTime "9:10:59 PST"]
[Termination "Game drawn by repetition"]

1. d4 a6 2. c4 c5 3. d5 b5 4. e4 bxc4 5. Bxc4 d6 6. Nf3 g6 7. Bd2 Bg7 8. Bc3 Nf6 9. O-O O-O 10. Qc2 Bg4 11. Nfd2 Bd7 12. a4 e5 13. dxe6 Bxe6 14.
Na3 Nc6 15. Rad1 d5 16. Bxf6 Bxf6 17. exd5 Nd4 18. Qe4 Bf5 19. Qf4 Qb6 20. Ne4 Bg7 21. Ng3 Bd7 22. b3 Qb4 23. Qc1 Nxb3 24. Bxb3 Qxb3 25.
Nc4 Bxa4 26. Ne4 Bb5 27. Ned2 Qc3 28. Rfe1 a5 29. Re3 Qxc1 30. Rxc1 a4 31. Na3 Bd7 32. Re7 Bb2 33. Rc2 Bxa3 34. Rxd7 Bb4 35. Nc4 a3 36. Ra2 Rfe8 37. g3 Re4 38. Nd6 Rd4 39. Nxf7 Rd2 40.
Ra1 a2 41. Nh6+ Kh8 42. Nf7+ Kg7 43. Ng5+ Kg8 44. Ne4 Re2 45. Nf6+ Kf8 46. Nxh7+ Kg8 47. Nf6+ Kf8 48. Nh7+ Kg8 49. Nf6+ Kf8 50. Nh7+ 1/2-1/2

[Event "Early-Titled-Tuesday-Blitz-January-16-2024"]
[Site "Chess.com"]
[Date "2024.01.16"]
[Round "6"]
[White "MITerryble"]
[Black "bancsoo"]
[Result "1/2-1/2"]
[WhiteElo "3029"]
[BlackElo "2937"]
[TimeControl "180+1"]
[EndTime "9:10:59 PST"]
[Termination "Game drawn by repetition"]

1. d4 d5 2. Bg5 h6 3. Bh4 c6 4.
e3 Qb6 5. b3 Bf5 6. Nf3 e6 7.
Bd3 Bxd3 8. Qxd3 Nd7 9. O-O Ngf6 10. Nbd2 a5 11. c4 Bb4 12. a3 Bxd2 13. Nxd2 O-O 14. c5 Qa6 15. Qc2 Rfe8 16. f4 b6 17. cxb6 Qxb6 18.
Rfc1 Rec8 19. Qc3 Ne8 20. Be7 Qb8 21. b4 axb4 22. axb4 Rxa1 23. Rxa1 Nd6 24. Bxd6 Qxd6 25. Ra6 Rb8 26. Ra4 Nb6 27. Ra6 Qd7 28. h3 Qb7 29.
Ra1 Nc8 30. Ra4 Ne7 31. Qc5 Nf5 32. Kf2 h5 33. g4 hxg4 34. hxg4 Nh6 35. Kg3 Qc8 36. Ra7 Ra8 37. Nf3 Rxa7 38. Qxa7 f6 39. Qe7 Nf7 40. Nh4 Qb8 41. Qxe6 Qxb4 42. Qe8+ Kh7 43. Qxf7 Qe1+ 44. Kh3 Qh1+ 45. Kg3 Qe1+ 46. Kh3 Qh1+ 47. Kg3 Qe1+ 1/2-1/2

[Event "Early-Titled-Tuesday-Blitz-January-16-2024"]
[Site "Chess.com"]
[Date "2024.01.16"]
[Round "6"]
[White "Flaccidmoves"]
[Black "viktorskliarov"]
[Result "0-1"]
[WhiteElo "2427"]
[BlackElo "2659"]
[TimeControl "180+1"]
[EndTime "9:11:00 PST"]
[Termination "viktorskliarov won by resignation"]

1. Nf3 g6 2. e4 c5 3. c3 Bg7 4. d4 cxd4 5. cxd4 d5 6. e5 Bf5 7. Nc3 Nc6 8. Qb3 e6 9. Qxb7 Nge7 10. Bb5 Qc8 11. Qxc8+ Rxc8 12. Bg5 O-O 13. O-O h6 14.
Bf6 g5 15. Bxg7 Kxg7 16. Rfd1 Rb8 17. Rac1 Na5 18. b4 Nc4 19. Bxc4 dxc4 20. a3 Nd5 21. Na4 Rfc8 22. Nc5 c3 23. Ne1 Rb5 24. Nc2 a5 25.
Ne3 Nxe3 26. fxe3 c2 27. Re1 axb4 28. axb4 Rxb4 29. e4 Bg6 30. Rxc2 Rd8 31. Ra2 Rbxd4 32. Ra7 Kh8 33. Rf1 Rd1 34. Rxd1 Rxd1+ 35. Kf2 Rd8 36. Nd7 Bxe4 37. Nf6 Bg6 38. h4 gxh4 39. Kf3 Kg7 40. Kg4 Rd4+ 41. Kh3 Bf5+ 42. Kh2 Be4 43. Ra8 Bxa8 0-1

[Event "Early-Titled-Tuesday-Blitz-January-16-2024"]
[Site "Chess.com"]
[Date "2024.01.16"]
[Round "6"]
[White "MightyGMpretender"]
[Black "Firouzja2003"]
[Result "0-1"]
[WhiteElo "2863"]
[BlackElo "3169"]
[TimeControl "180+1"]
[EndTime "9:11:01 PST"]
[Termination "Firouzja2003 won on time"]

1. Nf3 Nf6 2. c4 g6 3. Nc3 Bg7 4. e4 O-O 5. d4 d6 6. h3 e5 7. d5 a5 8. g4 Na6 9. Bg5 Bd7 10. Nd2 c6 11. Be2 Kh8 12. h4 h6 13.
Be3 Nh7 14. g5 h5 15. Nf3 cxd5 16. cxd5 Rc8 17. Qd2 Nc5 18. O-O b5 19. Bd3 f6 20.
Kg2 b4 21. Ne2 Bg4 22. Nh2 Qd7 23. Nxg4 Qxg4+ 24. Ng3 fxg5 25. f3 Qd7 26. hxg5 Nxd3 27. Qxd3 Rf7 28. Rh1 Rcf8 29. Raf1 Qa4 30. b3 Qe8 31.
Qa6 Qe7 32. Qxa5 Nxg5 33. Nxh5 gxh5 34. Rxh5+ Nh7 35. Qxb4 Rg8 36. Rfh1 Bh6+ 37. Kf2 Bxe3+ 38. Kxe3 Qa7+ 39. Ke2 Rg2+ 40. Kd1 Qf2 41. Qb8+ Rg8 42. Qxd6 Qd4+ 43. Kc2 Rg2+ 0-1

[Event "Early-Titled-Tuesday-Blitz-January-16-2024"]
[Site "Chess.com"]
[Date "2024.01.16"]
[Round "6"]
[White "Kopytkin"]
[Black "Barmen_EV"]
[Result "0-1"]
[WhiteElo "2389"]
[BlackElo "2540"]
[TimeControl "180+1"]
[EndTime "9:11:01 PST"]
[Termination "Barmen_EV won on time"]

1. d4 Nf6 2. Bg5 c5 3. e3 Qb6 4. Nc3 Qxb2 5. Nge2 Qb4 6. Bxf6 gxf6 7. Rb1 Qa3 8. Rb3 Qa6 9. dxc5 Bg7 10. Nd4 Qa5 11.
Bd3 Nc6 12. Nf5 Bf8 13. O-O Qxc5 14. Ne4 Qa5 15. c4 Qc7 16. c5 b6 17. Qh5 bxc5 18. Nfd6+ exd6 19. Nxf6+ Kd8 20. Qxf7 Be7 21. Nd5 Qa5 22.
Bb5 Re8 23. Rd1 Ba6 24. Bxc6 dxc6 25. Nxe7 Qc7 26. Nxc6+ Qxc6 27. e4 c4 28. Rg3 c3 29.
Rg8 Rxg8 30. Qxg8+ Kc7 31. Qg7+ Kd8 32. Qh8+ Kd7 33.
Qg7+ Kc8 34. Qh8+ Kb7 35. Rb1+ Bb5 36. a4 Rxh8 37. a5 a6 38. Rc1 c2 39. h3 Qc3 40.
Kh2 Rg8 0-1

[Event "Early-Titled-Tuesday-Blitz-January-16-2024"]
[Site "Chess.com"]
[Date "2024.01.16"]
[Round "6"]
[White "Shuvalov"]
[Black "Matols"]
[Result "0-1"]
[WhiteElo "2508"]
[BlackElo "2385"]
[TimeControl "180+1"]
[EndTime "9:11:01 PST"]
[Termination "Matols won by checkmate"]

1. d4 d5 2. c4 e6 3. Nc3 Nf6 4. Nf3 a6 5. c5 b6 6. cxb6 cxb6 7. Bf4 Bd6 8. Bg3 O-O 9. e3 Nc6 10. Bd3 Bb7 11. Bh4 Be7 12. O-O Rc8 13. Qe2 b5 14. a4 b4 15. Nb1 a5 16. Nbd2 Nd7 17.
Bg3 Nf6 18. h3 Qb6 19. Nb3 Ne4 20. Bxe4 dxe4 21. Nfd2 Ba6 22. Nc4 Nxd4 23. Nxd4 Bxc4 24. Qg4 Bxf1 25. Rxf1 Qc5 26. Qxe4 Bf6 27. Nb5 Rfd8 28. b3 Qc2 29. Qb7 Qxb3 30. Nd6 Rxd6 31. Bxd6 Qc4 32. Rd1 b3 33. Be7 Bxe7 34. Qxe7 h6 35. Rd7 Rf8 36. Rc7 Qe2 37. Rb7 b2 38. Kh2 Qxf2 39. Qc5 Rd8 40. Qb6 Rd2 41. Rb8+ Kh7 42. Qc6 Qxe3 43. Rb5 Qf4+ 44.
Kg1 Rd1# 0-1

[Event "Early-Titled-Tuesday-Blitz-January-16-2024"]
[Site "Chess.com"]
[Date "2024.01.16"]
[Round "6"]
[White "BelyakovBogdan"]
[Black "Yaacovn"]
[Result "0-1"]
[WhiteElo "2501"]
[BlackElo "2892"]
[TimeControl "180+1"]
[EndTime "9:11:02 PST"]
[Termination "Yaacovn won by resignation"]

1. e4 c6 2. d4 d5 3. exd5 cxd5 4. Bd3 Nf6 5. h3 Nc6 6. c3 Ne4 7. Nd2 Nd6 8. Qf3 e5 9. Qxd5 Be6 10. Qf3 exd4 11.
Ne2 Ne5 12. Qg3 Nxd3+ 13. Qxd3 dxc3 14. Nxc3 Be7 15. O-O O-O 16. Re1 Nf5 17. Qxd8 Rfxd8 18. Nf3 h6 19. Bf4 Rac8 20. Rad1 Bb4 21. g4 Ne7 22. Nd4 Bxc3 23. bxc3 Nd5 24. Nxe6 fxe6 25. Be5 Kf7 26. Rd3 Rc4 27. Rf3+ Kg8 28. Bd4 Rc6 29. g5 hxg5 30. Re5 Rf8 31. Rxf8+ Kxf8 32. Rxg5 Nf6 33. Bxa7 Rxc3 34. Bd4 Rxh3 35. Rb5 Rd3 36. Bxf6 gxf6 37.
Rxb7 Ra3 38. Rb2 Kf7 39. Kg2 Kg6 40. Rc2 e5 41. Rb2 Kg5 42. Kf1 Kf4 43. Ke2 e4 44.
Rc2 f5 45. Rb2 Ra8 46. Rc2 Kg4 47. Rb2 f4 48. Rc2 Ra3 49. Rb2 f3+ 50. Ke1 Kf4 51. Rc2 Ra7 52. Rb2 Rh7 53. Kd2 Rh1 54. Kc3 Rc1+ 55.
Kb4 Re1 56. a4 Re2 57. Kc3 Rxb2 58. Kxb2 e3 59. fxe3+ Kxe3 60. a5 f2 61. a6 f1=Q 62. a7 Qf3 0-1